 Dungeon Crawl Stone Soup version 0.30-a0-358-g0d69a1922f (webtiles) character file.

Game seed: 6046498449383712015

98 Manisia the Insei (level 4, 0/28 HPs)
             Began as an Octopode Transmuter on Nov 10, 2022.
             Constricted to death by a ball python (1 damage)
             ... on level 2 of the Dungeon.
             The game lasted 00:04:14 (1792 turns).

Manisia the Insei (Octopode Transmuter)             Turns: 1792, Time: 00:04:14

Health: 0/28       AC:  1    Str:  7    XL:     4   Next: 71%
Magic:  6/7        EV: 10    Int: 17    God:
Gold:   101        SH:  0    Dex: 12    Spells: 2/8 levels left

rFire   + + .      SeeInvis .    m - +1 sling "Pejegyxka" {drain, rPois rF++ rC+ Str-2}
rCold   + . .      Faith    .    (no shield)
rNeg    . . .      Spirit   .    (helmet currently unavailable)
rPois   +          Reflect  .    (no amulet)
rElec   .          Harm     .    (no ring)
rCorr   .          Rampage  .    (no ring)
Will    .....                    (no ring)
Stlth   +++.......               (no ring)
HPRegen 0.24/turn                (no ring)
MPRegen 0.10/turn                (no ring)
                                 (no ring)
                                 (no ring)

@: appendages, constricted
A: tentacle spike 3, almost no armour, amphibious, 8 rings, camouflage 1,
gelatinous body 1, (nimble swimmer 1), tentacles
a: End Transformation


You were on level 2 of the Dungeon.
One of your tentacles had grown a beastly spike.
You visited 1 branch of the dungeon, and saw 3 of its levels.

You collected 101 gold pieces.

Inventory:

Hand Weapons
 m - the +1 sling "Pejegyxka" (weapon) {drain, rPois rF++ rC+ Str-2}
   (You found it on level 2 of the Dungeon)

   A truly terrible weapon, it drains the life of any living foe it strikes.
   Str:       It affects your strength (-2).
   rF:        It greatly protects you from fire.
   rC:        It protects you from cold.
   rPois:     It protects you from poison.
 o - a +3 quarterstaff of chaos
Missiles
 b - 2 boomerangs of dispersal
 e - 6 poisoned darts
 h - 2 atropa-tipped darts
Jewellery
 k - a ring of protection from cold
Scrolls
 c - a scroll of identify
 d - a scroll of summoning {unknown}
 i - a scroll of amnesia {unknown}
 l - a scroll of brand weapon {unknown}
Potions
 a - a potion of lignification
 f - a potion of flight {unknown}
 g - a potion of degeneration {unknown}
 j - 2 potions of heal wounds
 n - a potion of curing {unknown}


   Skills:
 + Level 1.0 Fighting
 + Level 2.2 Dodging
 + Level 1.0 Stealth
 + Level 4.3 Unarmed Combat
 + Level 2.6 Spellcasting
 + Level 2.5 Transmutations
 * Level 0.2 Poison Magic


You had 2 spell levels left.
You knew the following spells:

 Your Spells              Type           Power      Damage    Failure   Level
a - Beastly Appendage     Tmut           20%        N/A       6%          1
b - Wereblood             Tmut           10%        N/A       10%         2
c - Spider Form           Tmut/Pois      6%         N/A       30%         3

Your spell library contained the following spells:

 Spells                   Type           Power      Damage    Failure   Level
 Ensorcelled Hibernation  Hex/Ice        4%         N/A       28%         2
 Ice Form                 Ice/Tmut       6%         N/A       73%         4
 Anguish                  Hex/Necr       1%         N/A       88%         4


Dungeon Overview and Level Annotations

Branches:
Dungeon (3/15)

Altars:


Innate Abilities, Weirdness & Mutations

One of your tentacles has grown a beastly spike.
You cannot wear most types of armour.
You are amphibious.
You can wear up to eight rings at the same time.
Your skin changes colour to match your surroundings (Stealth+).
Your rubbery body absorbs attacks. (AC +1, EV +1)
((You are camouflaged when in or above water. (Stealth+)))
You have tentacles for arms and can constrict up to eight enemies at once.


Message History

The ball python constricts you.
* * * LOW HITPOINT WARNING * * *
The ball python barely misses you. The ball python constricts you.
You shoot a sling bullet.
The sling bullet hits the ball python but does no damage.
Your tentacle spike disappears.
The ball python bites you.
* * * LOW HITPOINT WARNING * * *
The ball python constricts you.
* * * LOW HITPOINT WARNING * * *
The ball python misses you. The ball python constricts you.
* * * LOW HITPOINT WARNING * * *
The ball python's grasp on you weakens, but your attempt to escape fails.
The ball python closely misses you. The ball python constricts you.
* * * LOW HITPOINT WARNING * * *
You escape the ball python's grasp.
The ball python attacks as you move away!
The ball python barely misses you.
Things that are here:
a +0 flail; an orc corpse The ball python attacks as you move away!
The ball python bites you but does no damage.
The ball python barely misses you.
There is a stone staircase leading up, spattered with blood here.
The ball python closely misses you. x2
You climb upwards.
There is a stone staircase leading down here.
Casting: Beastly Appendage (safe; 6% risk of failure)
Confirm with . or Enter, or press ? or * to list all spells.
One of your tentacles grows a vicious spike.
The ball python bites you.
* * * LOW HITPOINT WARNING * * *
The ball python misses you.
You shoot a sling bullet.
The sling bullet barely misses the ball python.
The ball python bites you.
* * * LOW HITPOINT WARNING * * *
The ball python barely misses you. The ball python closely misses you.
The ball python grabs you. The ball python constricts you.
You die...

#### ####### )>.#
#.....# ##.#
#######S....#
##.########.....@.....#
#...........#####.....#
#..########## #.....#
#..################.###
#..#............# #.#
...#.##########.# #.#
##.#.# #.# #.# ...#.#
#.# #.# ...#.# #.# #.#


You could see a ball python.

Vanquished Creatures
  Crazy Yiuf (D:2)
  An adder (D:2)
  4 worms (D:2)
  A dart slug (D:2)
  6 orcs
  8 bats
  2 giant cockroaches
  2 goblins (D:1)
  7 hobgoblins
  A frilled lizard (D:2)
  4 kobolds
  4 rats (D:2)
41 creatures vanquished.

Notes
Turn   | Place    | Note
-------+----------+-------------------------------------------
     0 | D:1      | Manisia the Octopode Transmuter began the quest for the
                  | Orb.
     0 | D:1      | Reached XP level 1. HP: 13/13 MP: 3/3
   225 | D:1      | Reached XP level 2. HP: 13/18 MP: 3/5
   342 | D:1      | Found a faded altar of an unknown god.
   619 | D:2      | Learned a level 2 spell: Wereblood
   638 | D:2      | Reached XP level 3. HP: 18/23 MP: 2/6
  1036 | D:2      | Learned a level 3 spell: Spider Form
  1121 | D:2      | Reached XP level 4. HP: 21/28 MP: 5/7
  1399 | D:2      | Found a runed translucent door.
  1400 | D:2      | Noticed Crazy Yiuf
  1472 | D:2      | Identified the +1 sling "Pejegyxka" {drain, rPois rF++ rC+
                  | Str-2}
  1615 | D:2      | Killed Crazy Yiuf
  1616 | D:2      | Reached skill level 4 in Unarmed Combat
  1782 | D:3      | Reached skill level 1 in Stealth
  1791 | D:2      | HP: 1/28 [ball python (2)]
  1792 | D:2      | Constricted to death by a ball python

Illustrated notes

Levels and vault maps discovered:
D:1:      lightli_arrival_quake, layout_basic, ebering_ecumenical_altar_rust,
          minmay_misc_feat_secret_circle, hangedman_abyss_or_decor_lesser_grid
D:2:      layout_loops_ring, minmay_3d_cube, uniq_crazy_yiuf_cottage
D:3:      minmay_chambers_of_twos, layout_loops_cross,
          mainiacjoe_overflow_chevrons, mainiacjoe_overflow_cross_hatched,
          chequers_serial_rivers_micro_a, corexii_hall_statues_x, uniq_robin

Skill      XL: |  1  2  3  4 |
---------------+-------------+-----
Unarmed Combat | 4 |  4.3
Stealth        | 1 |  1.0
Fighting       | |  1.0
Dodging        | |  2.2
Spellcasting   | |  2.6
Transmutations | |  2.5
Poison Magic   | |  0.2

Action                   |  1- 3 |  4- 6 || total
-------------------------+-------+-------++-------
Melee: Unarmed           |    58 |    10 ||    68
       Kick              |    25 |     3 ||    28
       Constrict         |    23 |     2 ||    25
       Tentacles         |    10 |     3 ||    13
       Punch             |     1 |       ||     1
 Fire: Sling             |       |    12 ||    12
 Cast: Beastly Appendage |    18 |     7 ||    25
       Wereblood         |     1 |       ||     1
  Use: Scroll            |     4 |       ||     4
 Stab: Sleeping          |     6 |     1 ||     7
Armor: Skin              |     6 |     2 ||     8
Dodge: Dodged            |    29 |    20 ||    49

Table legend: (Time is in decaauts)
 A = Elapsed time spent in this place.
 B = Non-inter-level travel time spent in this place.
 C = Inter-level travel time spent in this place.
 D = Time resting spent in this place.
 E = Time spent auto-exploring this place.
 F = Levels seen in this place.
 G = Mean time per level.
                   A        B        C        D        E       F      G
               +--------+--------+--------+--------+--------+-----+--------+
         Total |   1791 |   1716 |     75 |      0 |   1420 |   3 |  597.0 |
       Dungeon |   1791 |   1716 |     75 |      0 |   1420 |   3 |  597.0 |
               +--------+--------+--------+--------+--------+-----+--------+

Top non-repeatable levels by time:
     D:2: 1163 daAuts
     D:1: 609 daAuts
     D:3: 19 daAuts
